 Dungeon Crawl Stone Soup version 0.32-a0-599-gba8f9cf90e (webtiles) character file.

Game seed: 10399364797554159302

33 cforsyth the Grave Robber (level 3, -1/29 HPs)
             Began as a Mountain Dwarf Necromancer on Mar 2, 2024.
             Slain by Sigmund
             ... wielding a +0 scythe
              (8 damage)
             ... on level 1 of the Dungeon.
             The game lasted 00:02:29 (1292 turns).

cforsyth the Grave Robber (MDNe)                    Turns: 1292, Time: 00:02:30

Health: -1/29      AC:  8    Str: 10    XL:     3   Next: 12%
Magic:  5/5        EV:  7    Int: 17    God:
Gold:   33         SH:  0    Dex: 10    Spells: 4/5 levels left

rFire   + + .        f - +1 dagger (vamp)
rCold   x . .        (no shield)
rNeg    . . .        j - +0 fire dragon scales
rPois   .            (no helmet)
rElec   .            (no cloak)
rCorr   .            (no gloves)
SInv    .            (no boots)
Will    .....        (no amulet) Stlth
                     (no ring)
HPRegen 0.24/turn    (no ring)
MPRegen 0.09/turn

%: no passive effects
@: no status effects
A: runic magic, artefact enchanting
a: no special abilities


You were on level 1 of the Dungeon.
You visited 1 branch of the dungeon, and saw 2 of its levels.

You collected 33 gold pieces.


Innate Abilities, Weirdness & Mutations

Your spellcasting is much less encumbered by armour.
You can use scrolls of enchantment on lesser artefacts.


   Skills:
 + Level 2.1 Fighting
 - Level 1.3 Dodging
 - Level 1.4 Stealth
 - Level 1.7 Spellcasting
 + Level 5.0 Necromancy


You had 4 spell levels left.
You knew the following spells:

 Your Spells              Type           Power      Damage    Failure   Level
X - Necrotise             Necr           72%        1d7       4%          1

Your spell library contained the following spells:

 Spells                   Type           Power      Damage    Failure   Level
 Vampiric Draining        Necr           18%        2d7       14%         3
 Freeze                   Ice            4%         1d3       34%         1
 Animate Dead             Necr           18%        N/A       41%         4
 Frozen Ramparts          Ice            2%         1d1       71%         3
 Hailstorm                Conj/Ice       1%         3d5       71%         3
 Summon Ice Beast         Ice/Summ       1%         N/A       71%         3
 Curse of Agony           Necr           18%        N/A       77%         5
 Sculpt Simulacrum        Ice/Alch       0%         N/A       100%        6

Inventory:

Hand Weapons
 f - a +1 vampiric dagger (weapon)
Armour
 g - a +0 ring mail
 j - +0 fire dragon scales (worn)
Magical Staves
 a - a staff of death {!a}
Scrolls
 c - 3 scrolls of identify {unknown}
 d - a scroll of revelation {unknown}
 h - a scroll of fog {unknown}
Potions
 b - a potion of magic
 e - a potion of curing {unknown}
 i - a potion of attraction {unknown}

Dungeon Overview and Level Annotations

Branches:
Dungeon (2/15)

Altars:

Shops:
D:1 *

Annotations:
D:2 Sigmund

.............##.........#
....................#.#.#
.....####.#.#...##..#.#.#
..........#.......#.#.#.#
....###.........#.....#.#
#............#..#.#.#.#.#
...............{......#.#
#...........##........#.######
................@∩....#......#
............##........######.#
.......................#####.#
.............................#
...........#...............###
#..........#.....#.###.###.#
#.####.#...#...........# #.#
....##.##...###....##..###.#
....#............####......#


There were no monsters in sight!


Message History

Sigmund hits you with a +0 scythe.
There is a stone staircase leading up here.
You miscast Necrotise.
You are very lightly contaminated with residual magic.
Nothing appears to happen.
Sigmund says, "I'm your fate."
Sigmund mumbles some strange words.
Sigmund flickers and vanishes!
Deactivating autopickup; reactivate with Ctrl-A.
You can't see any susceptible monsters within range! (Use Z to cast anyway.)
You can't see any susceptible monsters within range! (Use Z to cast anyway.)
You can't see any susceptible monsters within range! (Use Z to cast anyway.)
You can't see any susceptible monsters within range! (Use Z to cast anyway.)
You hear some strange, mumbled words.
A magic dart appears from out of thin air!
The magic dart hits you.
You climb upwards.
Reactivating autopickup.
There is a stone staircase leading down here.
Something hits you.
Deactivating autopickup; reactivate with Ctrl-A.
Something hits you.
Your magical contamination has completely faded away.
Something hits you!
* * * LOW HITPOINT WARNING * * *
A magic dart appears from out of thin air!
The magic dart hits you.
* * * LOW HITPOINT WARNING * * *
Something hits you!
You die...

Skill      XL: |  1  2  3 |
---------------+----------+-----
Fighting       | 1 2 |  2.1
Necromancy     | 5 |  5.0
Dodging        | |  1.3
Stealth        | |  1.4
Spellcasting   | |  1.7

Action                     || total
---------------------------++-------
  Melee: Unarmed           ||    12
         Punch             ||     1
   Cast: Necrotise         ||    51
 Armour: Robe              ||     5
         Ring mail         ||     2
         Fire dragon scale ||     7
  Dodge: Dodged            ||     6

Levels and vault maps discovered:
D:1:      beargit_arrival_diablo_church, layout_basic, serial_shops, shop
D:2:      cheibrodos_old_hovel, layout_basic, basic_altar, uniq_terence,
          uniq_jessica, uniq_sigmund

Notes
Turn   | Place    | Note
-------+----------+-------------------------------------------
     0 | D:1      | cforsyth the Mountain Dwarf Necromancer began the quest for
                  | the Orb.
     0 | D:1      | Reached XP level 1. HP: 14/14 MP: 3/3
   161 | D:1      | Reached skill level 1 in Fighting
   184 | D:1      | Reached XP level 2. HP: 23/23 MP: 0/4
   499 | D:1      | Found Inline's Assorted Antiques.
   879 | D:1      | Reached skill level 2 in Fighting
   921 | D:1      | Reached XP level 3. HP: 29/29 MP: 2/5
   957 | D:1      | Reached skill level 5 in Necromancy
  1244 | D:2      | Noticed Sigmund
  1292 | D:1      | Slain by Sigmund

Vanquished Creatures
  A ball python (D:1)
  5 endoplasms (D:1)
  2 giant cockroaches (D:1)
  9 hobgoblins (D:1)
  A quokka (D:1)
  A bat (D:1)
  3 frilled lizards
  3 goblins (D:1)
  A kobold (D:2)
  A rat (D:1)
27 creatures vanquished.

Vanquished Creatures (collateral kills)
  A goblin (D:1)
1 creature vanquished.

Grand Total: 28 creatures vanquished

Table legend: (Time is in decaauts)
 A = Elapsed time spent in this place.
 B = Non-inter-level travel time spent in this place.
 C = Inter-level travel time spent in this place.
 D = Time resting spent in this place.
 E = Time spent auto-exploring this place.
 F = Levels seen in this place.
 G = Mean time per level.
                   A        B        C        D        E       F      G
               +--------+--------+--------+--------+--------+-----+--------+
         Total |   1292 |   1239 |     53 |     16 |    973 |   2 |  646.0 |
       Dungeon |   1292 |   1239 |     53 |     16 |    973 |   2 |  646.0 |
               +--------+--------+--------+--------+--------+-----+--------+

Top non-repeatable levels by time:
     D:1: 1205 daAuts
     D:2: 87 daAuts

Table legend:
 A = Non-vault XP
 B = Vault XP
 C = Vault XP percentage of total XP
 D = Non-vault monster count
 E = Vault monster count
 F = Vault count percentage of total count
                 A         B        C        D         E       F
            +---------+---------+-------+---------+---------+-------
      Total |      48 |       0 |   0.0 |      28 |       0 |   0.0
            +---------+---------+-------+---------+---------+-------
        D:1 |      46 |       0 |   0.0 |      26 |       0 |   0.0
        D:2 |       2 |       0 |   0.0 |       2 |       0 |   0.0
            +---------+---------+-------+---------+---------+-------
